 Dungeon Crawl Stone Soup version 0.25-a0-58-g9dd530fc12 (webtiles) character file.

Game seed: 8614078997030181720, levelgen mode: deterministic

6017 Gumption the Merchant of Misery (level 10, -3/77 HPs)
             Began as a Demonspawn Necromancer on Oct 25, 2019.
             Was a Believer of Kikubaaqudgha.
             Slain by a vampire (9 damage)
             ... on level 10 of the Dungeon on Oct 26, 2019.
             The game lasted 03:19:15 (13316 turns).

Gumption the Merchant of Misery (DsNe)             Turns: 13316, Time: 03:19:15

Health: -3/77      AC:  9    Str:  9    XL:     10   Next: 56%
Magic:  0/19       EV: 13    Int: 19    God:    Kikubaaqudgha [**....]
Gold:   625        SH:  9    Dex: 14    Spells: 5/22 levels left

rFire    . . .     SeeInvis .   w - +0 spear
rCold    . . .     Gourm    .   J - +0 shield
rNeg     . . .     Faith    .   r - +0 leather armour {MR+}
rPois    .         Spirit   +   (no helmet)
rElec    .         Reflect  .   F - +2 cloak
rCorr    .         Harm     .   x - +1 pair of gloves
MR       +....                  G - +0 pair of boots
Stlth    ++........             C - amulet of regeneration
HPRegen  0.62/turn              B - ring of flight
MPRegen  0.16/turn              (no ring)

@: confusing touch
A: claws 2, spiny 1, magic shield
a: Receive Corpses, Renounce Religion, Evoke Flight


You were on level 10 of the Dungeon.
You worshipped Kikubaaqudgha.
Kikubaaqudgha was pleased with you.
You were not hungry.

You visited 2 branches of the dungeon, and saw 11 of its levels.

You collected 625 gold pieces.

Inventory:

Hand Weapons
 a - a +3 dagger of venom
 b - a +0 hunting sling
 w - a +0 spear (weapon)
Missiles
 c - 288 stones
 h - 68 sling bullets
 k - 45 poisoned darts (quivered)
 n - 3 curare-tipped darts
Armour
 r - a +0 leather armour of magic resistance (worn)
 x - a +1 pair of gloves (worn)
 y - a +0 leather armour of cold resistance
 F - a +2 cloak (worn)
 G - a +0 pair of boots (worn)
 J - a +0 shield (worn)
Jewellery
 t - the amulet of Gistruecw {+Rage rPois Int+6, unknown}
   (You found it on level 9 of the Dungeon)

   [amulet of rage]

   It affects your intelligence (+6).
   It protects you from poison.
   It lets you go berserk.
 B - a ring of flight (left hand)
 C - an amulet of regeneration (around neck)
 K - an uncursed ring of ice
 N - an uncursed amulet of the acrobat {unknown}
Wands
 j - a wand of random effects (12)
 q - a wand of paralysis (13)
 v - a wand of digging (6)
 L - a wand of polymorph (7)
 M - a wand of iceblast (8)
Scrolls
 d - 5 scrolls of remove curse
 i - a scroll of enchant weapon
 l - 7 scrolls of teleportation
 s - a scroll of fear
 E - a scroll of enchant armour
Potions
 f - a potion of haste
 g - 3 potions of ambrosia
 m - a potion of heal wounds
 o - 4 potions of curing
 p - 4 potions of lignification
 u - a potion of mutation {unknown}
 z - a potion of magic {unknown}
 A - a potion of might {unknown}
 D - a potion of berserk rage {unknown}
 H - 2 potions of resistance {unknown}
 I - 2 potions of brilliance {unknown}
Comestibles
 e - 18 rations
 O - 8 chunks of flesh


   Skills:
 + Level 6.4 Fighting
 + Level 6.2 Dodging
 - Level 2.0 Stealth
 * Level 5.4 Shields
 + Level 6.6 Spellcasting
 + Level 2.8 Hexes
 - Level 2.0 Charms
 - Level 10.0 Necromancy


You had 5 spell levels left.
You knew the following spells:

 Your Spells              Type           Power        Failure   Level  Hunger
a - Pain                  Necr           ####         1%          1    None
b - Animate Skeleton      Necr           N/A          1%          1    None
c - Vampiric Draining     Necr           #####.....   2%          3    ##.....
d - Animate Dead          Necr           N/A          9%          4    ####...
e - Sublimation of Blood  Necr           #####.....   1%          2    None
f - Corpse Rot            Necr           N/A          1%          2    None
g - Confusing Touch       Hex            ###...       16%         1    None
z - Regeneration          Chrm/Necr      ####......   13%         3    ##.....

Your spell library contained the following spells:

 Spells                   Type           Power        Failure   Level  Hunger
 Apportation              Tloc           #.....       45%         1    None
 Sting                    Conj/Pois      #...         45%         1    None
 Summon Small Mammal      Summ           #...         45%         1    None
 Poisonous Vapours        Pois/Air       #.....       61%         2    None
 Mephitic Cloud           Conj/Pois/Air  #.......     83%         3    ##.....
 Olgreb's Toxic Radiance  Pois           #.......     99%         4    ####...
 Venom Bolt               Conj/Pois      #.........   100%        5    #####..


Dungeon Overview and Level Annotations

Branches:
Dungeon (10/15)            Temple (1/1) D:6
   Lair: D:8-11         Orc: D:9-12

Altars:
Ashenzari
Cheibriados
Dithmenos
Elyvilon
Fedhas
Gozag
Hepliaklqana
Kikubaaqudgha
Makhleb
Nemelex Xobeh
Okawaru
Qazlal
Ru
Sif Muna
Trog
Uskayaw
Vehumet
Wu Jian
Xom
Yredelemnul
Zin
The Shining One

Shops:
D:4 (

Annotations:
D:3 exclusion: 2 downstairs
D:6 Menkaure
D:7 1 runed translucent door, astraldaughter's ghost, novice NaFi


Innate Abilities, Weirdness & Mutations

You have very sharp fingernails.
You are partially covered in sharp spines.
When hurt, damage is shared between your health and your magic reserves.


Message History

Input macro trigger key: 9 Input macro action: zg Created macro '9' => 'zg'.
Casting: Animate Skeleton (safe; 1% risk of failure)
Confirm with . or Enter, or press ? or * to list all spells.
Your hands begin to glow red.
Attack whom?
Press: ? - help, Dir - move target cursor You could not reach far enough!
Something hits you! Something bites you!
Something draws strength from your injuries!
You hit something but do no damage. Something hits you. Something bites you!
Something draws strength from your injuries!
You hit something but do no damage. Something hits you! Something bites you!
* * * LOW HITPOINT WARNING * * *
Something draws strength from your injuries!
Something hits you!
* * * LOW HITPOINT WARNING * * *
Something bites you!
You die...
Kikubaaqudgha rasps: "You have failed me!
Welcome... death!"

..+........##.........#
# #.........#.........#
# #...................#
# #........##.........#
#........##..†......#
#........####)#######
#####+#### #)## #Z.##
##@.# ####+###
#####'##### #......#
#.........# ##...<..#
#.>.......# .'......#
#.........# ##......###
#.<.......# #......'.#
#.........#
#......#.###.........#
#......#...'.........#


You could see a friendly orc skeleton.

Vanquished Creatures
  An unseen horror (D:10)
  Joseph (D:9)
  2 hippogriffs
  4 yaks
  A human (D:3)
  Eustachio (D:4)
  A soldier ant (D:10)
  A water moccasin (D:10)
  3 sky beasts
  2 orc warriors
  2 ogres
  3 black bears
  An ice beast (D:8)
  A phantom (D:4)
  6 centaurs
  A crocodile (D:8)
  5 bullfrogs
  A wyvern skeleton (D:8)
  2 scorpions
  4 wights
  A howler monkey (D:4)
  4 crimson imps
  A bullfrog zombie (D:6)
  3 quasits
  A gnoll shaman (D:4)
  2 hounds (D:10)
  5 orc priests
  3 bullfrog skeletons
  A centaur skeleton (D:6)
  2 iguanas
  8 orc wizards
  6 worker ants
  A hound zombie (D:9)
  A worker ant zombie (D:7)
  3 gnolls
  13 adders
  2 shadow imps
  3 worms
  2 dart slugs (D:3)
  6 leopard geckos
  26 orcs
  13 bats
  2 giant cockroaches
  7 hobgoblins
  12 jackals
  3 kobolds
  2 quokkas (D:8)
  7 frilled lizards
  6 goblins
  A goblin skeleton (D:3)
  A jackal zombie (D:5)
  A kobold zombie (D:3)
  A leopard gecko skeleton (D:4)
  4 quokka skeletons
  6 rats
203 creatures vanquished.

Vanquished Creatures (collateral kills)
  A yak (D:10)
  A bullfrog (D:10)
  A wight (D:6)
  A bullfrog skeleton (D:7)
  An orc (D:10)
  A quokka (D:2)
  A leopard gecko skeleton (D:4)
7 creatures vanquished.

Vanquished Creatures (others)
  An orc (D:3)
  A bat (D:3)
  A hobgoblin (D:3)
3 creatures vanquished.

Grand Total: 213 creatures vanquished

Notes
Turn   | Place    | Note
-------+----------+-------------------------------------------
     0 | D:1      | Gumption the Demonspawn Necromancer began the quest for the
                  | Orb.
     0 | D:1      | Reached XP level 1. HP: 13/13 MP: 3/3
     3 | D:1      | Learned a level 1 spell: Animate Skeleton
   519 | D:1      | Gained mutation: You are partially covered in sharp spines.
                  | [demonic ancestry]
   519 | D:1      | Reached XP level 2. HP: 19/19 MP: 1/5
  1514 | D:2      | Found a blossoming altar of Fedhas.
  1705 | D:2      | Gained mutation: You have sharp fingernails. [demonic
                  | ancestry]
  1705 | D:2      | Reached XP level 3. HP: 21/24 MP: 2/6
  1757 | D:2      | Reached skill level 5 in Necromancy
  2047 | D:2      | Found an iron altar of Okawaru.
  2382 | D:2      | Gained mutation: You have very sharp fingernails. [demonic
                  | ancestry]
  2382 | D:2      | Reached XP level 4. HP: 26/30 MP: 2/8
  2641 | D:2      | Learned a level 3 spell: Vampiric Draining
  2739 | D:2      | Found a faded altar of an unknown god.
  2784 | D:2      | Learned a level 3 spell: Regeneration
  3650 | D:3      | Found a runed translucent door.
  3650 | D:3      | Noticed a human
  3656 | D:3      | Found a basalt altar of Yredelemnul.
  3756 | D:3      | Reached XP level 5. HP: 9/36 MP: 9/9
  4606 | D:4      | Noticed an ogre
  4610 | D:3      | Reached skill level 6 in Necromancy
  4651 | D:3      | Reached skill level 1 in Fighting
  4737 | D:3      | Killed a human
  4737 | D:3      | Reached XP level 6. HP: 15/44 MP: 3/11
  4942 | D:4      | Found a shimmering altar of Xom.
  5058 | D:4      | Found a hide-covered altar of Uskayaw.
  5465 | D:4      | Reached skill level 7 in Necromancy
  5525 | D:4      | Reached XP level 7. HP: 39/51 MP: 5/12
  5927 | D:4      | Learned a level 4 spell: Animate Dead
  6007 | D:4      | Found Xerheqiq's Antique Weapon Shoppe.
  6357 | D:4      | Noticed Eustachio
  6366 | D:4      | Killed Eustachio
  6543 | D:5      | Entered Level 5 of the Dungeon
  6732 | D:5      | Reached skill level 8 in Necromancy
  6786 | D:5      | Reached XP level 8. HP: 50/58 MP: 9/14
  6903 | D:5      | Found an opulent altar of Gozag.
  7031 | D:5      | Found a white marble altar of Elyvilon.
  7290 | D:5      | Upgraded the game from 0.25-a0-55-g0753fd1ad2 to
                  | 0.25-a0-58-g9dd530fc12
  7426 | D:6      | Found a staircase to the Ecumenical Temple.
  7454 | D:6      | Reached skill level 1 in Charms
  7464 | Temple   | Entered the Ecumenical Temple
  8108 | D:6      | Found a bloodstained altar of Trog.
  8108 | D:6      | Found an ancient bone altar of Kikubaaqudgha.
  8113 | D:6      | Became a worshipper of Kikubaaqudgha
  8155 | D:6      | Found a bloodstained altar of Trog.
  8308 | D:6      | Noticed Menkaure
  8373 | D:6      | Reached skill level 1 in Shields
  8511 | D:5      | Reached skill level 5 in Spellcasting
  8991 | D:7      | Reached XP level 9. HP: 48/66 MP: 9/16
  9300 | D:7      | Reached skill level 5 in Dodging
  9300 | D:7      | Reached skill level 9 in Necromancy
  9462 | D:7      | Reached skill level 5 in Fighting
  9581 | D:7      | Found a runed translucent door.
  9581 | D:7      | Noticed astraldaughter's ghost (novice NaFi)
  9645 | D:7      | Found a bloodstained altar of Trog.
  9989 | D:8      | Reached * piety under Kikubaaqudgha
  9989 | D:8      | Identified Kikubaaqudgha's Volume of Darkness
                  | (Kikubaaqudgha gifted it to you on level 8 of the Dungeon)
  9989 | D:8      | Received a gift from Kikubaaqudgha
  9997 | D:8      | Learned a level 2 spell: Sublimation of Blood
 10730 | D:8      | Learned a level 2 spell: Corpse Rot
 10743 | D:9      | Got a slimy emerald amulet
 11030 | D:9      | Learned a level 1 spell: Confusing Touch
 11287 | D:9      | Noticed Joseph
 11298 | D:9      | Killed Joseph
 11520 | D:10     | Entered Level 10 of the Dungeon
 11693 | D:10     | Reached skill level 1 in Hexes
 11799 | D:10     | Gained mutation: When hurt, damage is shared between your
                  | health and your magic reserves. [demonic ancestry]
 11799 | D:10     | Reached XP level 10. HP: 61/76 MP: 7/19
 12388 | D:10     | Killed an unseen horror
 12388 | D:10     | Reached skill level 10 in Necromancy
 12621 | D:10     | Reached ** piety under Kikubaaqudgha
 12737 | D:10     | Reached skill level 5 in Shields
 13316 | D:10     | Slain by a vampire

Levels and vault maps discovered:
D:1:      wander_arrival_chamber, layout_basic
D:2:      layout_basic, okawaru_trees_2, chequers_ecumenical_altar_grove,
          first_ration, fedhas_ov_isle_minmay
D:3:      cheibrodos_old_hovel, layout_basic, dk_yredelemnul_ordeal
D:4:      layout_rooms, overflow_temple_1_default, lemuel_doored_altar,
          serial_shops, nicolae_shop_temple_entry_statues_fountains,
          uniq_eustachio
D:5:      layout_cave_pools, elyvilon_altar_3, basic_altar
D:6:      wander_river, layout_loops_ring, gammafunk_temple_overflow_wave,
          minmay_temple_entry_tees, basic_altar, dk_vineyard_3, uniq_menkaure
D:7:      layout_loops_ring, hellmonk_ghost_happy_afterlife,
          trog_three_pillars_becter
D:8:      layout_rooms
D:9:      layout_long_grid, uniq_joseph
D:10:     layout_roguey
Temple:   eino_temple_scatter_basement

Skill      XL: |  1  2  3  4  5  6  7  8  9 10 |
---------------+-------------------------------+-----
Stealth        | 2 |  2.0
Dodging        | 2 3 4 5 6 |  6.2
Necromancy     | 5 6 7 8 9 10 | 10.0
Spellcasting   | 3 4 5 6 |  6.6
Fighting       | 1 2 3 4 5 6 |  6.4
Charms         | 2 |  2.0
Shields        | 1 4 5 |  5.4
Hexes          | 1 2 |  2.8

Action                   |  1- 3 |  4- 6 |  7- 9 | 10-12 || total
-------------------------+-------+-------+-------+-------++-------
Melee: Unarmed           |     2 |       |       |       ||     2
       Spear             |     5 |    46 |    89 |    17 ||   157
       Whip              |       |     8 |       |       ||     8
       Dagger            |       |       |    34 |    65 ||    99
 Fire: Hunting sling     |       |     1 |    11 |     3 ||    15
Throw: Dart              |       |     8 |    59 |    24 ||    91
 Cast: Pain              |    49 |    72 |   212 |    60 ||   393
       Animate Skeleton  |    10 |     9 |    36 |    16 ||    71
       Regeneration      |       |     1 |     3 |       ||     4
       Vampiric Draining |       |       |     9 |     5 ||    14
       Sublimation of Bl |       |       |       |     2 ||     2
       Confusing Touch   |       |       |       |     1 ||     1
Invok: Receive Corpses   |       |       |       |     1 ||     1
  Use: Scroll            |     3 |     4 |     9 |     1 ||    17
       Potion            |       |     1 |       |     1 ||     2
 Stab: Sleeping          |       |     2 |     2 |       ||     4
  Eat: Chunk             |     5 |    10 |    15 |     4 ||    34
       Ration            |       |       |     2 |       ||     2
Armor: Robe              |     3 |       |       |       ||     3
       Leather armour    |       |    16 |    44 |    31 ||    91
Dodge: Dodged            |    12 |    49 |   110 |    38 ||   209
Block: Shield            |       |       |    21 |    43 ||    64

Table legend:
 A = Non-vault XP
 B = Vault XP
 C = Vault XP percentage of total XP
 D = Non-vault monster count
 E = Vault monster count
 F = Vault count percentage of total count
                 A         B        C        D         E       F
            +---------+---------+-------+---------+---------+-------
      Total |    7764 |     833 |   9.7 |     205 |       5 |   2.4
            +---------+---------+-------+---------+---------+-------
        D:1 |      26 |       0 |   0.0 |      16 |       0 |   0.0
        D:2 |     117 |       0 |   0.0 |      20 |       0 |   0.0
        D:3 |      89 |     204 |  69.6 |      20 |       3 |  13.0
        D:4 |     654 |     169 |  20.5 |      34 |       1 |   2.9
        D:5 |     414 |       0 |   0.0 |      23 |       0 |   0.0
        D:6 |     812 |       0 |   0.0 |      16 |       0 |   0.0
        D:7 |    1174 |       0 |   0.0 |      18 |       0 |   0.0
        D:8 |     696 |       0 |   0.0 |      13 |       0 |   0.0
        D:9 |     490 |     460 |  48.4 |       5 |       1 |  16.7
       D:10 |    3292 |       0 |   0.0 |      40 |       0 |   0.0
            +---------+---------+-------+---------+---------+-------
